 Dungeon Crawl Stone Soup version 0.27.1-34-g3ba077fa99 (webtiles) character file.

Game seed: 7201289012179762684

3043 Arum the Tainter (level 10, -11/63 HPs)
             Began as a Formicid Venom Mage on Jan 12, 2022.
             Was a Believer of Vehumet.
             Killed from afar by Harold (20 damage)
             ... with a harpoon shot
             ... on level 7 of the Dungeon on Jan 13, 2022.
             The game lasted 00:21:41 (10604 turns).

Arum the Tainter (Formicid Venom Mage)             Turns: 10604, Time: 00:21:41

Health: -11/63     AC:  6    Str: 13    XL:     10   Next: 11%
Magic:  3/23       EV: 16    Int: 18    God:    Vehumet [**....]
Gold:   328        SH:  0    Dex: 11    Spells: 18/27 levels left

rFire    . . .     SeeInvis +   l - +4 hand axe (vorpal)
rCold    . . .     Faith    .   (no shield)
rNeg     . . .     Spirit   .   a - +1 robe
rPois    .         Reflect  .   (helmet unavailable)
rElec    .         Harm     .   (no cloak)
rCorr    .         Rampage  .   (no gloves)
Will     +++..                  r - +0 pair of boots
Stlth    ++........             (no amulet)
HPRegen  0.20/turn              h - ring of willpower
MPRegen  0.18/turn              s - +4 ring of evasion

@: unable to read
A: permanent stasis, dig shafts and tunnels, antennae 3, four strong arms,
iridescent scales 1, strong-willed 1, inability to read while threatened, noise
suppression
a: Dig, Shaft Self, Renounce Religion


You were on level 7 of the Dungeon.
You worshipped Vehumet.
Vehumet was pleased with you.
You visited 2 branches of the dungeon, and saw 8 of its levels.
You also visited: Sewer.

You collected 328 gold pieces.

Inventory:

Hand Weapons
 b - a +0 vorpal spear
 l - a +4 vorpal hand axe (weapon)
Missiles
 c - 2 curare-tipped darts
 e - 33 poisoned darts
 g - a throwing net
Armour
 a - a +1 robe (worn)
 r - a +0 pair of boots (worn)
Magical Staves
 k - a staff of cold
 n - a staff of earth
Jewellery
 h - a ring of willpower (left hand)
 m - a ring of flight
 q - a ring of resist corrosion
 s - a +4 ring of evasion (right hand)
Wands
 o - a wand of digging (6)
Scrolls
 i - a scroll of amnesia {unknown}
 t - a scroll of enchant weapon
Potions
 d - 2 potions of cancellation
 f - a potion of invisibility {unknown}
 j - 2 potions of mutation
 p - a potion of flight


   Skills:
 - Level 1.7 Dodging
 - Level 2.4 Stealth
 + Level 9.1 Spellcasting
 + Level 5.4 Conjurations
 - Level 1.1 Transmutations
 - Level 11.1 Poison Magic


You had 18 spell levels left.
You knew the following spells:

 Your Spells              Type           Power      Damage    Failure   Level
a - Sting                 Tmut/Pois      100%       1d8       1%          1
b - Poisonous Vapours     Pois/Air       56%        N/A       1%          2
c - Olgreb's Toxic Radia  Pois           48%        N/A       1%          4
d - Foxfire               Conj/Fire      68%        2x1d7     3%          1
e - Freeze                Ice            32%        1d5       9%          1

Your spell library contained the following spells:

 Spells                   Type           Power      Damage    Failure   Level
 Mephitic Cloud           Conj/Pois/Air  28%        N/A       2%          3
 Sublimation of Blood     Necr           4%         N/A       13%         2
 Irradiate                Conj/Tmut      9%         3d17      54%         5
 Petrify                  Tmut/Erth      10%        N/A       56%         4


Dungeon Overview and Level Annotations

Branches:
Dungeon (7/15)             Temple (1/1) D:4           Sewer (visited)

Altars:
Ashenzari
Cheibriados
Dithmenos
Elyvilon
Gozag
Hepliaklqana
Kikubaaqudgha
Makhleb
Nemelex Xobeh
Qazlal
Ru
Sif Muna
Trog
Uskayaw
Vehumet
Wu Jian
Xom
Yredelemnul
Zin
The Shining One

Shops:
D:4 [

Annotations:
D:7 Harold


Innate Abilities, Weirdness & Mutations

You cannot be hasted, slowed, berserked, paralysed or teleported.
You can dig through walls and to a lower floor.
You have a pair of large antennae on your head. (SInv)
Your four strong arms can wield two-handed weapons with a shield.
You are partially covered in iridescent scales. (AC +2)
You are strong-willed. (Will+)
You sometimes lose the ability to read scrolls when taking damage.
You passively dampen the noise of your surroundings.


Message History

Casting: Olgreb's Toxic Radiance (dangerous; 1% risk of failure)
Confirm with . or Enter, or press ? or * to list all spells.
Aiming: Sting (safe; 1% risk of failure)
Press: ? - help, Shift-Dir - straight line, f - Harold
Aim: Harold, wielding a +0 short sword, wearing a +2 scale mail of cold resistance and quivering a throwing net (severely wounded, extremely poisoned, 87% to hit)
The sting hits Harold but does no damage.
Harold looks as sick as possible!
Harold is severely wounded.
Harold looks as sick as possible!
Your toxic aura wanes.
You struggle against the net.
Harold barely misses you.
Unknown command.
You struggle against the net.
Harold hits you with a +0 short sword!
You feel threatened and lose the ability to read scrolls!
You tear a large gash into the net.
Harold hits you with a +0 short sword.
Unknown command.
You struggle against the net.
You can read scrolls again.
Harold hits you with a +0 short sword!
You feel threatened and lose the ability to read scrolls!
* * * LOW HITPOINT WARNING * * *
Unknown command.
You shred the net and break free! Harold hits you with a +0 short sword.
* * * LOW HITPOINT WARNING * * *
Unknown command.
Harold casts a spell at you.
You struggle to resist.
Harold throws a throwing net.
The throwing net completely misses you. Harold fires a harpoon shot at you.
The harpoon shot hits you!
* * * LOW HITPOINT WARNING * * *
You are yanked forward by the harpoon shot.
Unknown command.
Casting: Sting (safe; 1% risk of failure)
Confirm with . or Enter, or press ? or * to list all spells.
You don't have enough magic to cast this spell.
Harold says, "I was hoping my final job would be more of a challenge, but money is money."
Harold fires a harpoon shot at you. The harpoon shot hits you!!
You die...

########...# #. #.# #..<.#
#.##.#######....# ##
...............# ..
...####.#...#.#
.####..####.#...#.#
....#..##...(..@#.#
....#..##.#.#...#.### #
................@...###.#.
.####..##.#...............
......(..............##.##
.####..#..#...............
.####.....................
.......#..#.#.........#.##
.#####.#................#
.#####.#....#.###....####
.##..................#


You could see Harold (very poisoned).

Vanquished Creatures
  Duvessa (D:6)
  Edmund (D:6)
  2 water moccasins (D:5)
  An orc warrior (D:5)
  A black bear (D:6)
  An ice beast (D:5)
  2 ogres (D:6)
  3 necrophages
  A phantom (D:6)
  Blork the orc (D:4)
  8 kobold brigands
  A bullfrog (D:6)
  A gnoll sergeant (D:6)
  2 scorpions
  Dowan (D:6)
  A water moccasin zombie (D:5)
  A howler monkey (D:5)
  2 bullfrog zombies (D:6)
  3 hounds (D:5)
  An orc priest (D:6)
  2 scorpion zombies (D:5)
  2 iguanas
  2 orc wizards
  A hound skeleton (D:4)
  A howler monkey zombie (D:6)
  10 gnolls
  10 river rats
  13 adders
  7 worms
  4 dart slugs
  9 orcs
  5 bats
  10 endoplasms
  7 giant cockroaches
  3 goblins
  9 hobgoblins
  3 jackals (D:1)
  12 kobolds
  10 quokkas
  11 ball pythons
  3 frilled lizards
  26 rats
195 creatures vanquished.

Vanquished Creatures (others)
  99 foxfires
99 creatures vanquished.

Grand Total: 294 creatures vanquished

Notes
Turn   | Place    | Note
-------+----------+-------------------------------------------
     0 | D:1      | Arum the Formicid Venom Mage began the quest for the Orb.
     0 | D:1      | Reached XP level 1. HP: 13/13 MP: 3/3
   326 | D:1      | Reached XP level 2. HP: 19/19 MP: 1/5
   703 | D:1      | Reached XP level 3. HP: 22/24 MP: 1/7
   889 | D:1      | Reached skill level 5 in Poison Magic
   967 | D:1      | Reached XP level 4. HP: 23/30 MP: 0/8
  1195 | D:1      | Learned a level 2 spell: Poisonous Vapours
  1200 | D:1      | Learned a level 4 spell: Olgreb's Toxic Radiance
  1282 | D:1      | Noticed a shining eye
  1284 | D:1      | Found a faded altar of an unknown god.
  1287 | D:1      | Noticed a golden eye
  1287 | D:1      | Noticed a floating eye
  1287 | D:1      | Noticed a floating eye
  1741 | D:2      | Found a glowing golden altar of the Shining One.
  1959 | D:2      | Reached XP level 5. HP: 32/35 MP: 2/10
  2386 | D:2      | Reached skill level 6 in Poison Magic
  2693 | D:3      | Found a glowing drain.
  2760 | Sewer    | Entered a sewer
  2944 | Sewer    | Noticed a kobold brigand
  2951 | Sewer    | Noticed a kobold brigand
  2957 | Sewer    | Gained mutation: You passively dampen the noise of your
                  | surroundings. [potion of mutation]
  2957 | Sewer    | Gained mutation: You are strong-willed. (Will+) [potion of
                  | mutation]
  2957 | Sewer    | Gained mutation: You sometimes lose the ability to read
                  | scrolls when taking damage. [potion of mutation]
  2957 | Sewer    | Gained mutation: You are partially covered in iridescent
                  | scales. (AC +2) [potion of mutation]
  2972 | Sewer    | Killed a kobold brigand
  2973 | Sewer    | Reached XP level 6. HP: 24/41 MP: 2/12
  2986 | Sewer    | Reached skill level 7 in Poison Magic
  3415 | Sewer    | Reached skill level 5 in Spellcasting
  3415 | Sewer    | Reached XP level 7. HP: 22/46 MP: 1/14
  4128 | Sewer    | Reached skill level 8 in Poison Magic
  5839 | D:4      | Reached XP level 8. HP: 45/52 MP: 11/17
  5849 | D:4      | Found a staircase to the Ecumenical Temple.
  5862 | Temple   | Entered the Ecumenical Temple
  6012 | Temple   | Became a worshipper of Vehumet
  6323 | D:4      | Found a glowing golden altar of the Shining One.
  6490 | D:4      | Noticed Blork the orc
  6506 | D:4      | Killed Blork the orc
  6507 | D:4      | Reached skill level 9 in Poison Magic
  7275 | D:4      | Found Gemij's Armour Shoppe.
  7534 | D:5      | Entered Level 5 of the Dungeon
  7591 | D:5      | Reached skill level 1 in Conjurations
  7951 | D:5      | Reached XP level 9. HP: 49/57 MP: 10/20
  7975 | D:5      | Reached * piety under Vehumet
  7975 | D:5      | Offered knowledge of Foxfire by Vehumet.
  7976 | D:5      | Reached skill level 10 in Poison Magic
  8553 | D:5      | Learned a level 1 spell: Foxfire
  9340 | D:6      | Noticed Duvessa
  9345 | D:6      | Noticed Dowan
  9349 | D:6      | Killed Duvessa
  9352 | D:6      | Killed Dowan
  9357 | D:6      | Reached skill level 11 in Poison Magic
  9669 | D:6      | Reached ** piety under Vehumet
  9669 | D:6      | Offered knowledge of Freeze by Vehumet.
  9712 | D:6      | Found a broken altar of Ashenzari.
  9918 | D:6      | Noticed Edmund
  9927 | D:6      | Killed Edmund
  9932 | D:6      | Reached XP level 10. HP: 63/63 MP: 13/22
 10020 | D:6      | Reached skill level 5 in Conjurations
 10222 | D:6      | HP: 3/63 [vampire mosquito (6)]
 10229 | D:6      | HP: 3/63 [vampire mosquito (4)]
 10233 | D:6      | You fall into a shaft and drop 1 floor!
 10538 | D:7      | Learned a level 1 spell: Freeze
 10570 | D:7      | Noticed Harold
 10604 | D:7      | Killed from afar by Harold

Illustrated notes

Levels and vault maps discovered:
D:1:      evilmike_arrival_fibonacci_small, layout_basic,
          hellmonk_ecumenical_altar_watching_god, minmay_surrounded
D:2:      layout_basic, basic_altar, dk_vineyard_2
D:3:      layout_loops_ring, portal_sewer_entry_d
D:4:      layout_basic, nicolae_tso_carved_into_rock, temple_pool_b,
          serial_shops, kennysheep_mini_moat, uniq_blork_the_orc
D:5:      lemuel_ratsnest, layout_basic
D:6:      minmay_cornered_nines, layout_rooms, mainiacjoe_overflow_tiny_flanked,
          uniq_duvessa, uniq_edmund
D:7:      layout_basic, uniq_harold
Temple:   regret_index_temple_mists

Skill      XL: |  1  2  3  4  5  6  7  8  9 10 |
---------------+-------------------------------+-----
Spellcasting   | 3 4 5 6 7 8 9 |  9.1
Poison Magic   | 5 6 7 8 9 11 | 11.1
Conjurations   | 2 4 5 |  5.4
Dodging        | |  1.7
Stealth        | |  2.4
Transmutations | |  1.1

Action                   |  1- 3 |  4- 6 |  7- 9 | 10-12 || total
-------------------------+-------+-------+-------+-------++-------
Melee: Unarmed           |     5 |       |       |       ||     5
       Spear             |    30 |    81 |    79 |       ||   190
       Hand axe          |       |       |    85 |     7 ||    92
Throw: Dart              |       |       |     3 |       ||     3
 Cast: Sting             |    46 |    23 |     6 |     1 ||    76
       Poisonous Vapours |       |    57 |   125 |       ||   182
       Olgreb's Toxic Ra |       |     1 |    27 |    12 ||    40
       Foxfire           |       |       |    44 |    17 ||    61
 Abil: Dig               |     2 |     2 |       |       ||     4
       Shaft Self        |       |       |       |     1 ||     1
  Use: Scroll            |       |     4 |     5 |       ||     9
       Potion            |       |     3 |     4 |     3 ||    10
 Stab: Sleeping          |       |     2 |     1 |       ||     3
Armor: Robe              |     8 |    14 |    39 |     9 ||    70
       Skin              |       |       |    17 |       ||    17
Dodge: Dodged            |    31 |    48 |   109 |    47 ||   235
